 Dungeon Crawl Stone Soup version 0.30-a0-23-ge60ba3568b (webtiles) character file.

Game seed: 1061970307528889774

7 purpskrrrp the Shield-Bearer (level 1, -2/18 HPs)
             Began as a Demigod Fighter on Aug 24, 2022.
             Slain by a goblin
             ... wielding a +0 club
              (3 damage)
             ... on level 1 of the Dungeon.
             The game lasted 00:00:53 (65 turns).

purpskrrrp the Shield-Bearer (Demigod Fighter)        Turns: 65, Time: 00:00:53

Health: -2/18      AC:  6    Str: 17    XL:     1   Next: 73%
Magic:  3/3        EV:  8    Int: 10    God:
Gold:   0          SH:  4    Dex: 13    Spells: 0/0 levels left

rFire   . . .      SeeInvis .    e - +2 dagger (freeze)
rCold   . . .      Faith    .    c - +0 buckler
rNeg    . . .      Spirit   .    b - +0 scale mail
rPois   .          Reflect  .    (no helmet)
rElec   .          Harm     .    (no cloak)
rCorr   .          Rampage  .    (no gloves)
Will    .....                    (no boots)
Stlth   ..........               (no amulet)
HPRegen 0.06/turn                (no ring)
MPRegen 0.08/turn                (no ring)

@: mighty
A: high MP 1, forlorn, divine attributes
a: no special abilities


You were on level 1 of the Dungeon.
You visited 1 branch of the dungeon, and saw 1 of its levels.

Inventory:

Hand Weapons
 a - a +0 flail
 e - a +2 dagger of freezing (weapon)
Armour
 b - a +0 scale mail (worn)
 c - a +0 buckler (worn)


   Skills:
 - Level 2.7 Fighting
 * Level 0.8 Short Blades
 - Level 1.8 Maces & Flails
 - Level 2.7 Armour
 + Level 0.4 Stealth
 + Level 2.8 Shields


You couldn't memorise any spells.
You didn't know any spells.
Your spell library was empty.

Dungeon Overview and Level Annotations

Branches:
Dungeon (1/15)


Innate Abilities, Weirdness & Mutations

You have an increased reservoir of magic. (+10% MP)
You shall have no god before yourself.
Your divine heritage dramatically boosts your attributes as you level up.


Message History

You block the frilled lizard's attack.
You completely miss the endoplasm. The jackal closely misses you.
The jackal barely misses you. The frilled lizard closely misses you.
The endoplasm freezes you.
You are frozen.
You hit the endoplasm. You freeze the endoplasm.
The endoplasm is heavily wounded.
The jackal bites you but does no damage.
The jackal bites you. The frilled lizard barely misses you.
The jackal bites you.
* * * LOW HITPOINT WARNING * * *
The endoplasm freezes you.
You are frozen.
* * * LOW HITPOINT WARNING * * *
The jackal bites you.
* * * LOW HITPOINT WARNING * * *
The endoplasm attacks as you move away!
The endoplasm hits you but does no damage.
The jackal bites you but does no damage.
You see here a rat corpse.
The jackal attacks as you move away!
The jackal bites you but does no damage.
The jackal attacks as you move away!
The jackal bites you but does no damage.
You closely miss the jackal.
The jackal bites you but does no damage.
You miss the jackal.
The frilled lizard hisses.
The jackal bites you but does no damage.
You hit the jackal. You freeze the jackal.
You kill the jackal!
The goblin hits you but does no damage.
You miss the frilled lizard. The goblin closely misses you.
The frilled lizard bites you.
* * * LOW HITPOINT WARNING * * *
You feel very mighty all of a sudden. The goblin hits you but does no damage.
The frilled lizard bites you but does no damage.
You closely miss the frilled lizard. The goblin hits you with a +0 club.
You die...

.# #.##..## .. ##..###
.... #. ##.### ....
#.##.## ..... ###.#.##
..... .....#.# ......
###...#.#.#
......###...# #..#####
........#@### ##.....#
.......hgl..## #(....#
.......#.l#..###.....#
.......#.###.(.......#
................)....#
.......###############
....... .......
.......


You could see a jackal, a goblin and 2 frilled lizards.

Vanquished Creatures
  3 jackals (D:1)
  A kobold (D:1)
  A ball python (D:1)
  2 rats (D:1)
7 creatures vanquished.

Notes
Turn   | Place    | Note
-------+----------+-------------------------------------------
     0 | D:1      | purpskrrrp the Demigod Fighter began the quest for the Orb.
     0 | D:1      | Reached XP level 1. HP: 18/18 MP: 3/3
    65 | D:1      | Slain by a goblin

Illustrated notes

Levels and vault maps discovered:
D:1:      dpeg_arrival_solitude, layout_rooms

Action                   || total
-------------------------++-------
Melee: Dagger            ||    18
       Flail             ||     2
  Use: Potion            ||     1
Armor: Scale mail        ||    25
Dodge: Dodged            ||    16
Block: Buckler           ||    11

Table legend: (Time is in decaauts)
 A = Elapsed time spent in this place.
 B = Non-inter-level travel time spent in this place.
 C = Inter-level travel time spent in this place.
 D = Time resting spent in this place.
 E = Time spent auto-exploring this place.
 F = Levels seen in this place.
 G = Mean time per level.
                   A        B        C        D        E       F      G
               +--------+--------+--------+--------+--------+-----+--------+
         Total |     65 |     65 |      0 |      0 |     31 |   1 |   65.0 |
       Dungeon |     65 |     65 |      0 |      0 |     31 |   1 |   65.0 |
               +--------+--------+--------+--------+--------+-----+--------+

Top non-repeatable levels by time:
     D:1: 65 daAuts
